 Dungeon Crawl Stone Soup version 0.29-a0-289-g2178c42546 (webtiles) character file.

Game seed: 8785687118234673736

153 Dabor the Covered (level 5, -3/33 HPs)
             Began as a Gargoyle Fighter on Mar 17, 2022.
             Engulfed by a steam dragon's steam (13 damage)
             ... on level 3 of the Dungeon.
             The game lasted 00:03:30 (2323 turns).

Dabor the Covered (Gargoyle Fighter)                Turns: 2323, Time: 00:03:31

Health: -3/33      AC: 13    Str: 22    XL:     5   Next: 35%
Magic:  5/5        EV:  9    Int:  8    God:
Gold:   160        SH:  4    Dex:  9    Spells: 4/4 levels left

rFire   . . .      SeeInvis .   a - +0 flail
rCold   . . .      Faith    .   c - +0 buckler
rNeg    + . .      Spirit   .   b - +0 scale mail
rPois   ∞          Reflect  .   (no helmet)
rElec   +          Harm     .   (no cloak)
rCorr   .          Rampage  .   i - +1 pair of gloves
Will    .....                   (no boots)
Stlth   ..........              j - amulet of the acrobat
HPRegen 0.11/turn               (no ring)
MPRegen 0.09/turn               (no ring)

@: no status effects
A: sickness immunity, AC +4, negative energy resistance 1, electricity
resistance, torment resistance 1, petrification resistance
a: no special abilities


You were on level 3 of the Dungeon.
You visited 1 branch of the dungeon, and saw 3 of its levels.

You collected 160 gold pieces.

Inventory:

Hand Weapons
 a - a +0 flail (weapon)
Missiles
 h - 3 poisoned darts (quivered)
Armour
 b - a +0 scale mail (worn)
 c - a +0 buckler (worn)
 i - a +1 pair of gloves (worn)
Jewellery
 g - a ring of wizardry
 j - an amulet of the acrobat (around neck)
 p - a ring of see invisible
Wands
 r - a wand of flame (3)
Scrolls
 e - a scroll of magic mapping {unknown}
 k - 2 scrolls of identify {unknown}
 m - a scroll of fog {unknown}
 q - a scroll of blinking {unknown}
 t - a scroll of silence {unknown}
Potions
 d - a potion of might
 f - a potion of heal wounds {unknown}
 l - 2 potions of berserk rage {unknown}
 n - a potion of degeneration {unknown}
 o - a potion of invisibility {unknown}
 s - a potion of attraction {unknown}
 u - a potion of magic {unknown}


   Skills:
 + Level 4.3 Fighting
 + Level 3.1 Maces & Flails
 + Level 4.3 Armour
 + Level 4.2 Shields


You had 4 spell levels left.
You didn't know any spells.
Your spell library was empty.

Dungeon Overview and Level Annotations

Branches:
Dungeon (3/15)

Altars:

Shops:
D:2 (


Innate Abilities, Weirdness & Mutations

You are immune to sickness and miasma.
Your stone body is resilient. (AC +4)
You are immune to poison.
You resist negative energy. (rN+)
You are resistant to electric shocks. (rElec)
You are resistant to unholy torment.
You are immune to petrification.


Message History

The steam dragon claws you but does no damage.
You closely miss the steam dragon.
The steam dragon is heavily wounded.
You block the steam dragon's attack.
The steam dragon claws you but does no damage.
You barely miss the steam dragon.
The steam dragon is heavily wounded.
The steam dragon bites you but does no damage.
The steam dragon claws you but does no damage.
The steam dragon bites you but does no damage.
The steam dragon claws you but does no damage.
You sock the steam dragon!
The steam dragon is severely wounded.
The steam dragon bites you. The steam dragon claws you.
You are too injured to fight recklessly!
You are too injured to fight recklessly!
You are too injured to fight recklessly!
You are too injured to fight recklessly!
You are too injured to fight recklessly!
You are too injured to fight recklessly!
You are too injured to fight recklessly!
You are too injured to fight recklessly!
You are too injured to fight recklessly!
You are too injured to fight recklessly!
You are too injured to fight recklessly!
You are too injured to fight recklessly!
You are too injured to fight recklessly!
You are too injured to fight recklessly!
You are too injured to fight recklessly!
You are too injured to fight recklessly!
You are too injured to fight recklessly!
You are too injured to fight recklessly!
You closely miss the steam dragon.
The steam dragon is severely wounded.
The steam dragon breathes steam at you. The ball of steam hits you.
You barely miss the steam dragon.
The steam dragon is severely wounded.
You are engulfed in a cloud of scalding steam.
You die...

....##.#####...#####......####...
.......# #...# ######.# #...
.####### #...# ####.####### .#
#...# #.......# .# #...#
#.##.##.#### .# #### #.##.##.##..
.# .....#### #.##........ .#
#.<.§#####.#####.##.. ##
#(.D@§§.....####.##..
..$...[§#####.......####
#(.#.#.## ##.###### . .. #. #.#
... .. ..# #. .#. ##.# # .... #.#
.# #. ... #.#


You could see a steam dragon (catching breath).

Vanquished Creatures
  Ijyb (D:3)
  Terence (D:2)
  4 adders
  4 worms (D:2)
  4 ball pythons
  6 bats
  5 endoplasms
  2 giant cockroaches (D:1)
  8 hobgoblins
  3 quokkas
  3 frilled lizards
  6 goblins
  4 kobolds
  4 rats
55 creatures vanquished.

Notes
Turn   | Place    | Note
-------+----------+-------------------------------------------
     0 | D:1      | Dabor the Gargoyle Fighter began the quest for the Orb.
     0 | D:1      | Reached XP level 1. HP: 14/14 MP: 1/1
   135 | D:1      | Reached XP level 2. HP: 9/19 MP: 2/2
   534 | D:1      | Reached XP level 3. HP: 18/24 MP: 3/3
   990 | D:2      | Found Fusiw's Antique Weapon Boutique.
  1059 | D:2      | Noticed Terence
  1070 | D:2      | Killed Terence
  1071 | D:2      | Reached XP level 4. HP: 27/29 MP: 4/4
  1888 | D:3      | Noticed Ijyb
  1905 | D:3      | Killed Ijyb
  1906 | D:3      | Reached XP level 5. HP: 23/33 MP: 5/5
  2305 | D:3      | Noticed a steam dragon
  2323 | D:3      | Engulfed by a steam dragon's steam

Illustrated notes

Levels and vault maps discovered:
D:1:      nicolae_arrival_washed_ashore, layout_rooms, grunt_decor_cap
D:2:      layout_loops_ring, serial_shops, shop, uniq_terence
D:3:      layout_loops_cross, gammafunk_temple_overflow_pools, uniq_ijyb

Skill      XL: |  1  2  3  4 |
---------------+-------------+-----
Fighting       | 4 |  4.3
Armour         | 4 |  4.3
Shields        | 4 |  4.2
Maces & Flails | 3 |  3.1

Action                   |  1- 3 |  4- 6 || total
-------------------------+-------+-------++-------
Melee: Flail             |    99 |    97 ||   196
Throw: Dart              |       |    11 ||    11
Armor: Scale mail        |    78 |    62 ||   140
Dodge: Dodged            |    66 |    60 ||   126
Block: Buckler           |    28 |    32 ||    60

Table legend: (Time is in decaauts)
 A = Elapsed time spent in this place.
 B = Non-inter-level travel time spent in this place.
 C = Inter-level travel time spent in this place.
 D = Time resting spent in this place.
 E = Time spent auto-exploring this place.
 F = Levels seen in this place.
 G = Mean time per level.
                   A        B        C        D        E       F      G
               +--------+--------+--------+--------+--------+-----+--------+
         Total |   2383 |   2340 |     43 |      0 |   1835 |   3 |  794.3 |
       Dungeon |   2383 |   2340 |     43 |      0 |   1835 |   3 |  794.3 |
               +--------+--------+--------+--------+--------+-----+--------+

Top non-repeatable levels by time:
     D:2: 1049 daAuts
     D:1: 855 daAuts
     D:3: 477 daAuts
